 Dungeon Crawl Stone Soup version 0.30-a0-394-g3e4acdb0ae (webtiles) character file.

Game seed: 2768643206901985035

25 p00ps00p the Trooper (level 3, -5/33 HPs)
             Began as a Hill Orc Fighter on Dec 7, 2022.
             Killed by an exploding endoplasm (31 damage)
             ... ignited by their inner flame
             ... on level 2 of the Dungeon.
             The game lasted 00:00:52 (676 turns).

p00ps00p the Trooper (Hill Orc Fighter)              Turns: 676, Time: 00:00:52

Health: -5/33      AC:  6    Str: 20    XL:     3   Next: 6%
Magic:  3/3        EV:  9    Int:  8    God:
Gold:   8          SH:  4    Dex: 10    Spells: 2/2 levels left

rFire   . . .      SeeInvis .    a - +0 war axe
rCold   . . .      Faith    .    c - +0 buckler
rNeg    . . .      Spirit   .    b - +0 scale mail
rPois   .          Reflect  .    (no helmet)
rElec   .          Harm     .    (no cloak)
rCorr   .          Rampage  .    (no gloves)
Will    .....                    (no boots)
Stlth   ..........               (no amulet)
HPRegen 0.25/turn                (no ring)
MPRegen 0.08/turn                (no ring)

@: no status effects
A: no striking features
a: no special abilities


You were on level 2 of the Dungeon.
You visited 1 branch of the dungeon, and saw 2 of its levels.

You collected 8 gold pieces.

Inventory:

Hand Weapons
 a - a +0 war axe (weapon)
Armour
 b - a +0 scale mail (worn)
 c - a +0 buckler (worn)
Potions
 d - a potion of might
 f - 2 potions of curing {unknown}


   Skills:
 + Level 4.0 Fighting
 + Level 3.2 Axes
 + Level 3.6 Armour
 + Level 3.6 Shields


You had 2 spell levels left.
You didn't know any spells.
Your spell library was empty.

Dungeon Overview and Level Annotations

Branches:
Dungeon (2/15)

Altars:


Message History

No target in view!
No target in view!
No target in view!
No target in view!
No target in view!
No target in view!
No target in view!
No target in view!
No target in view!
No target in view!
As you read the scroll labelled PEARRICEIS, it crumbles to dust.
Wisps of shadow whirl around you...
It was a scroll of summoning.
As you read the scroll labelled EKKUDGHE GOORR, it crumbles to dust.
You hear a loud clanging noise!
It was a scroll of noise.
You hear a shout! x2; You hear an angry hiss. x2; You hear a shout!
As you read the scroll labelled ATZEAN SAERE, it crumbles to dust.
You feel strangely unstable.
It was a scroll of teleportation.
You swap places.
e - a scroll labelled IVO JIYREONT Your surroundings suddenly seem different.
An endoplasm and a hobgoblin come into view.
Found a leather armour and a scroll labelled JAXOMI XUBIDIDY.
Found a stone staircase leading up.
The endoplasm freezes you.
You are frozen.
The hobgoblin hits you but does no damage.
As you read the scroll labelled IVO JIYREONT, it crumbles to dust.
The creatures around you are filled with an inner flame!
It was a scroll of immolation.
The endoplasm freezes you.
You are frozen.
An endoplasm comes into view.
The hobgoblin hits you but does no damage.
The endoplasm quivers.
You slash the endoplasm! You closely miss the hobgoblin.
The endoplasm explodes!
The fiery explosion engulfs you!!
Ouch! That really hurt!
You die...

## #.... .
?...#. ##
#...... ###.
......# ##...
###### .....
.....
.#.....#...##..
##.
..<...........#
#..
......§@....# #
##...§§§g......
#<.
#....§§.....#.
#..#
.[.........#...
....
#......##..# ..
#.# ....... ...
. # .......
.... .....##
...J.


You could see an endoplasm and a hobgoblin (inner flame).

Vanquished Creatures
  A dart slug (D:1)
  2 ball pythons (D:1)
  5 endoplasms
  7 goblins (D:1)
  A hobgoblin (D:1)
  A quokka (D:1)
  2 frilled lizards
  A kobold (D:1)
  A rat (D:1)
21 creatures vanquished.

Notes
Turn   | Place    | Note
-------+----------+-------------------------------------------
     0 | D:1      | p00ps00p the Hill Orc Fighter began the quest for the Orb.
     0 | D:1      | Reached XP level 1. HP: 19/19 MP: 1/1
    58 | D:1      | Reached XP level 2. HP: 18/27 MP: 2/2
   216 | D:1      | Reached skill level 4 in Fighting
   453 | D:1      | Reached XP level 3. HP: 32/33 MP: 3/3
   676 | D:2      | Killed by an exploding endoplasm... ignited by their inner
                  | flame

Illustrated notes

Levels and vault maps discovered:
D:1:      amcnicky_arrival_single_pillar, layout_loops_cross
D:2:      layout_rooms

Skill      XL: |  1  2 |
---------------+-------+-----
Axes           | 3 |  3.2
Fighting       | 4 |  4.0
Armour         | |  3.6
Shields        | |  3.6

Action                   || total
-------------------------++-------
Melee: War axe           ||    49
  Use: Scroll            ||     4
Armor: Scale mail        ||    26
Dodge: Dodged            ||    19
Block: Buckler           ||     9

Table legend: (Time is in decaauts)
 A = Elapsed time spent in this place.
 B = Non-inter-level travel time spent in this place.
 C = Inter-level travel time spent in this place.
 D = Time resting spent in this place.
 E = Time spent auto-exploring this place.
 F = Levels seen in this place.
 G = Mean time per level.
                   A        B        C        D        E       F      G
               +--------+--------+--------+--------+--------+-----+--------+
         Total |    695 |    676 |     19 |      0 |    551 |   2 |  347.5 |
       Dungeon |    695 |    676 |     19 |      0 |    551 |   2 |  347.5 |
               +--------+--------+--------+--------+--------+-----+--------+

Top non-repeatable levels by time:
     D:1: 684 daAuts
     D:2: 11 daAuts
